 Dungeon Crawl Stone Soup version 0.24-a0-781-g048a31f (webtiles) character file.

Game seed: 5594102767081029734, levelgen mode: deterministic

5298 pkoi the Destroyer (level 10, -1/83 HPs)
             Began as a Green Draconian Conjurer on Oct 8, 2019.
             Was an Initiate of Vehumet.
             Slain by a large slime creature (17 damage)
             ... on level 7 of the Dungeon.
             The game lasted 00:22:41 (11725 turns).

pkoi the Destroyer (Green Draconian Conjurer)      Turns: 11725, Time: 00:22:42

Health: -1/83      AC: 11    Str: 15    XL:     10   Next: 37%
Magic:  7/15       EV: 14    Int: 24    God:    Vehumet [......]
Gold:   43         SH:  0    Dex: 11    Spells: 3/15 levels left

rFire    . . .     SeeInvis .   g - +2 short sword (flame)
rCold    . . .     Gourm    +   (no shield)
rNeg     . . .     Faith    .   (armour unavailable)
rPois    +         Spirit   .   (helmet restricted)
rElec    .         Reflect  .   v - +0 cloak
rCorr    .         Harm     .   C - +1 pair of gloves
MR       .....                  E - +0 pair of boots of Death Resistance {Str+4 Int+5}
Stlth    ++........             D - amulet of the gourmand
HPRegen  0.23/turn              t - ring of attention (curse)
MPRegen  0.14/turn              x - ring of stealth

@: no status effects
A: breathe noxious fumes, unfitting armour, poison resistance, cold-blooded, AC
+7
a: Breathe Noxious Fumes, Renounce Religion


You were on level 7 of the Dungeon.
You worshipped Vehumet.
Vehumet was noncommittal.
You were completely stuffed.

You visited 2 branches of the dungeon, and saw 9 of its levels.
You also visited: Sewer and Bailey.

You collected 407 gold pieces.
You spent 364 gold pieces at shops.

Inventory:

Hand Weapons
 c - a +0 whip
 g - a +2 short sword of flaming (weapon)
 w - a +0 long sword
Armour
 j - a +1 pair of boots
 v - a +0 cloak (worn)
 C - a +1 pair of gloves (worn)
 E - the +0 pair of boots of Death Resistance (worn) {Str+4 Int+5}
   (You bought it in a shop on level 7 of the Dungeon)

   It affects your strength (+4).
   It affects your intelligence (+5).
Jewellery
 f - an uncursed ring of protection from cold
 q - an uncursed ring of positive energy
 r - a +3 ring of intelligence
 t - a cursed ring of attention (left hand)
 x - a ring of stealth (right hand)
 D - an amulet of the gourmand (around neck)
 G - an uncursed ring of resist corrosion {unknown}
Wands
 m - a wand of digging (5)
 y - a wand of iceblast (3)
 A - a wand of disintegration (9)
 B - a wand of flame (8)
 H - a wand of polymorph (8)
Scrolls
 i - a scroll of enchant armour
 l - a scroll of enchant weapon
 n - 4 scrolls of teleportation
 o - 4 scrolls of identify
Potions
 a - 3 potions of curing
 d - a potion of ambrosia
 e - 2 potions of mutation
 h - 3 potions of flight
 k - 2 potions of lignification
 p - a potion of magic
 s - a potion of agility
 u - 2 potions of cancellation
 z - a potion of heal wounds
 F - a potion of brilliance {unknown}
Comestibles
 b - 6 rations
 I - a chunk of flesh


   Skills:
 + Level 6.2 Fighting
 + Level 5.7 Long Blades
 + Level 5.6 Dodging
 - Level 3.6 Stealth
 + Level 3.4 Spellcasting
 - Level 9.9 Conjurations
 + Level 2.0 Hexes
 - Level 3.1 Charms
 - Level 3.1 Air Magic


You had 3 spell levels left.
You knew the following spells:

 Your Spells              Type           Power        Failure   Level  Hunger
a - Magic Dart            Conj           ####         1%          1    None
b - Searing Ray           Conj           ######       1%          2    #......
c - Iskenderun's Mystic   Conj           ######..     1%          4    ####...
d - Swiftness             Chrm/Air       ###.....     4%          2    #......
e - Dazzling Spray        Conj/Hex       ####..       2%          3    ###....

Your spell library contained the following spells:

 Spells                   Type           Power        Failure   Level  Hunger
 Stone Arrow              Conj/Erth      ####..       4%          3    ###....
 Sandblast                Erth           #.....       11%         1    None
 Passwall                 Tmut/Erth      #.......     16%         2    #......
 Fulminant Prism          Conj/Hex       ####......   9%          4    ####...
 Force Lance              Conj/Tloc      ####....     13%         4    ####...
 Lightning Bolt           Conj/Air       #####.....   19%         5    ######.
 Petrify                  Tmut/Erth      #.......     71%         4    ####...
 Lee's Rapid Deconstruct  Erth           #.........   96%         5    ######.
 Statue Form              Tmut/Erth      #........    100%        6    #######


Dungeon Overview and Level Annotations

Branches:
Dungeon (8/15)             Temple (1/1) D:7           Sewer (visited)
 Bailey (visited)
   Lair: D:8-11

Altars:
Ashenzari
Cheibriados
Dithmenos
Elyvilon
Fedhas
Gozag
Hepliaklqana
Kikubaaqudgha
Makhleb
Nemelex Xobeh
Okawaru
Ru
Sif Muna
Trog
Uskayaw
Vehumet
Wu Jian
Xom
Yredelemnul
Zin
The Shining One

Shops:
D:4 (   D:6 [   D:7 [   D:8 [


Innate Abilities, Weirdness & Mutations

You can breathe blasts of noxious fumes.
Your lurid green scales are hard. (AC +7)
You cannot fit into any form of body armour.
Your system is resistant to poisons. (rPois)
You are cold-blooded and may be slowed by cold attacks.


Message History

The large slime creature is moderately wounded.
You finish channeling your searing ray.
The large slime creature hits you!!
* * * LOW HITPOINT WARNING * * *
Casting: Searing Ray (safe; 1% risk of failure)
Confirm with . or Enter, or press ? or * to list all spells.
Aiming: Searing Ray (safe; 1% risk of failure)
Press: ? - help, Shift-Dir - straight line, f/p - large slime creature
Aim: a large slime creature (moderately wounded)
The searing ray hits the large slime creature.
The large slime creature is moderately wounded. (Press . to maintain the ray.)
The large slime creature closely misses you.
The searing ray hits the large slime creature!
The large slime creature is moderately wounded.
The large slime creature hits you!!
* * * LOW HITPOINT WARNING * * *
The searing ray hits the large slime creature!
The large slime creature is heavily wounded.
The large slime creature hits you!
You die...

..############.......#####.....##
...#.........##..##### #.....#
.#..#......#.###.# ###.###
#†...#....#..# #.# #.#
......#..#...# #.# #.#
..##...#....## #.# #.#
#########...## #.# #.# #
#######...#..# #J# ###.####
.........#.#.# #@# #..>...#
.##.......#..###.# #.#.##.#
####........##...# #.#.##.#
##.#.....###### #.#.##.#
#.####### #.#..... #.# #.####.#
#.# #.####.# #.##### #......#
#.....# ########


You could see a large slime creature.

Vanquished Creatures
  Harold (D:8)
  Pikel (D:5)
  An orc knight (Bailey)
  3 kobold demonologists
  Prince Ribbit (D:8)
  2 slime creatures
  Sigmund (D:3)
  2 hungry ghosts (D:7)
  Duvessa (D:5)
  3 slaves (D:5)
  2 orc warriors
  4 ogres
  2 centaurs
  Blork the orc (D:5)
  A bullfrog (D:6)
  Dowan (D:5)
  2 scorpions
  4 killer bees
  An electric eel (Bailey)
  3 crimson imps
  A quasit (D:6)
  2 orc priests
  A bullfrog skeleton (D:7)
  A hound (D:7)
  2 jellies
  2 orc wizards (D:6)
  Jessica (D:3)
  4 worker ants
  A hound skeleton (D:5)
  A howler monkey skeleton (D:4)
  9 gnolls
  2 adders
  A shadow imp (D:7)
  4 oozes
  An adder skeleton (D:4)
  9 worms
  4 dart slugs
  11 leopard geckos
  18 orcs
  3 ball pythons
  18 bats
  3 giant cockroaches
  10 goblins
  11 hobgoblins
  14 jackals
  9 kobolds
  4 quokkas
  11 frilled lizards
  A leopard gecko zombie (D:7)
  6 rats
202 creatures vanquished.

Notes
Turn   | Place    | Note
-------+----------+-------------------------------------------
     0 | D:1      | pkoi the Draconian Conjurer began the quest for the Orb.
     0 | D:1      | Reached XP level 1. HP: 14/14 MP: 3/3
   266 | D:1      | Reached XP level 2. HP: 20/20 MP: 0/5
   734 | D:1      | Reached skill level 5 in Conjurations
   797 | D:1      | Reached XP level 3. HP: 26/26 MP: 3/6
  1205 | D:1      | Learned a level 2 spell: Searing Ray
  1746 | D:2      | Found a hazy altar of Hepliaklqana.
  1746 | D:2      | Found a bloodstained altar of Trog.
  1749 | D:2      | Found a hide-covered altar of Uskayaw.
  1753 | D:2      | Found a snail-covered altar of Cheibriados.
  1914 | D:2      | Reached XP level 4. HP: 33/33 MP: 4/7
  2075 | D:3      | Noticed Jessica
  2088 | D:3      | Killed Jessica
  2091 | D:3      | Found a glowing drain.
  2109 | D:3      | Reached skill level 6 in Conjurations
  2152 | Sewer    | Entered a sewer
  2681 | Sewer    | Reached XP level 5. HP: 27/38 MP: 2/8
  3021 | D:3      | Noticed Sigmund
  3044 | D:3      | Killed Sigmund
  3044 | D:3      | Reached skill level 7 in Conjurations
  3044 | D:3      | Reached XP level 6. HP: 31/45 MP: 3/9
  3854 | D:4      | Found Ihiarai's Antique Weapon Boutique.
  3959 | D:4      | Learned a level 4 spell: Iskenderun's Mystic Blast
  3977 | D:4      | Reached skill level 8 in Conjurations
  4585 | D:4      | Your scales start taking on a lurid green colour.
  4585 | D:4      | Reached XP level 7. HP: 46/50 MP: 5/10
  4585 | D:4      | Gained mutation: Your system is resistant to poisons.
                  | (rPois) [Green Draconian growth]
  5034 | D:5      | Entered Level 5 of the Dungeon
  5083 | D:5      | Noticed Blork the orc
  5096 | D:5      | Killed Blork the orc
  5096 | D:5      | Reached skill level 9 in Conjurations
  5234 | D:5      | Noticed Pikel
  5249 | D:5      | Killed Pikel
  5249 | D:5      | Reached XP level 8. HP: 62/62 MP: 6/11
  5668 | D:5      | Identified the Handbook of Air and the Rocks
  5696 | D:5      | Noticed Duvessa
  5697 | D:5      | Noticed Dowan
  5716 | D:5      | Killed Dowan
  5794 | D:5      | Killed Duvessa
  6162 | D:5      | Found an ancient bone altar of Kikubaaqudgha.
  6263 | D:6      | Found an ancient bone altar of Kikubaaqudgha.
  7035 | D:5      | Learned a level 2 spell: Swiftness
  7137 | D:6      | Found Rapsolla's Antique Armour Emporium.
  7654 | D:7      | Noticed a kobold demonologist
  8090 | D:7      | Found Lifit's Armour Shoppe.
  8098 | D:7      | Bought the +0 pair of boots of Death Resistance {Str+4
                  | Int+5} for 364 gold pieces
  8135 | D:7      | Reached skill level 1 in Charms
  8135 | D:7      | Reached skill level 1 in Air Magic
  8135 | D:7      | Reached XP level 9. HP: 71/71 MP: 4/12
  8403 | D:7      | Found a staircase to the Ecumenical Temple.
  8423 | Temple   | Entered the Ecumenical Temple
  8549 | Temple   | Became a worshipper of Vehumet
  9140 | D:7      | Killed a kobold demonologist
  9232 | D:7      | Reached skill level 5 in Fighting
  9510 | D:8      | Noticed Prince Ribbit
  9527 | D:8      | Killed Prince Ribbit
  9623 | D:8      | Noticed Harold
  9676 | D:8      | Found Kuatzedd's Antique Armour Boutique.
  9686 | D:8      | Found a flagged portal.
  9727 | Bailey   | Entered a bailey
 10245 | Bailey   | Found an iron altar of Okawaru.
 10245 | Bailey   | Noticed an orc knight
 10245 | Bailey   | Noticed a kobold demonologist
 10245 | Bailey   | Noticed a kobold demonologist
 10262 | Bailey   | Noticed an orange demon
 10268 | Bailey   | Killed a kobold demonologist
 10268 | Bailey   | Reached skill level 5 in Dodging
 10299 | Bailey   | Killed an orc knight
 10299 | Bailey   | Reached skill level 5 in Long Blades
 10299 | Bailey   | Reached XP level 10. HP: 32/82 MP: 13/13
 10521 | Bailey   | Learned a level 3 spell: Dazzling Spray
 10604 | Bailey   | Noticed a sixfirhy
 10911 | Bailey   | Noticed an orc knight
 11237 | D:7      | Reached skill level 1 in Hexes
 11480 | D:8      | Killed Harold
 11725 | D:7      | Slain by a large slime creature

Levels and vault maps discovered:
D:1:      minmay_arrival_checkered_box, layout_basic
D:2:      layout_loops_cross, grunt_temple_overflow_cloverleaf,
          minmay_misc_feat_ornament
D:3:      layout_basic, cheibrodos_sewer_entry_sluice, uniq_sigmund,
          uniq_jessica
D:4:      layout_cave_pools, first_ration, serial_shops, shop
D:5:      layout_loops_ring, nicolae_overflow_hidden_temple,
          minmay_curled_crystal, hex_medium, uniq_blork_the_orc, uniq_duvessa,
          uniq_pikel
D:6:      layout_loops_ring, basic_altar, serial_shops, shop
D:7:      layout_loops_corners, temple_green, serial_shops, shop,
          hangedman_decor_slide_cut
D:8:      layout_basic, lemuel_round_altar, enter_bailey_2, serial_shops,
          shop_statue, shop, nicolae_shop_crystal, shop, uniq_harold,
          uniq_prince_ribbit1, uniq_psyche
Temple:   nicolae_temple_elliptical

Skill      XL: |  1  2  3  4  5  6  7  8  9 10 |
---------------+-------------------------------+-----
Conjurations   | 5 6 7 8 9 |  9.9
Fighting       | 2 4 5 6 |  6.2
Long Blades    | 2 3 5 |  5.7
Dodging        | 2 4 5 |  5.6
Stealth        | 2 3 |  3.6
Charms         | 1 3 |  3.1
Air Magic      | 1 3 |  3.1
Spellcasting   | 3 |  3.4
Hexes          | 2 |  2.0

Action                   |  1- 3 |  4- 6 |  7- 9 | 10-12 || total
-------------------------+-------+-------+-------+-------++-------
Melee: Unarmed           |    12 |       |       |       ||    12
       Whip              |     3 |       |       |       ||     3
       Tailslap          |     3 |     7 |    17 |     3 ||    30
       Short sword       |    31 |    76 |   164 |    38 ||   309
 Cast: Magic Dart        |    70 |    89 |    61 |    20 ||   240
       Searing Ray       |     1 |     7 |    39 |     9 ||    56
 Abil: Breathe Noxious F |       |       |     8 |     3 ||    11
  Use: Scroll            |       |     5 |    10 |       ||    15
       Potion            |       |       |     4 |       ||     4
 Stab: Sleeping          |       |       |     1 |       ||     1
       Confused          |       |       |       |     1 ||     1
  Eat: Chunk             |     4 |    11 |    30 |    13 ||    58
       Ration            |       |       |     1 |       ||     1
Armor: Skin              |    25 |    29 |    92 |    20 ||   166
Dodge: Dodged            |    37 |    61 |   158 |    36 ||   292

Table legend:
 A = Non-vault XP
 B = Vault XP
 C = Vault XP percentage of total XP
 D = Non-vault monster count
 E = Vault monster count
 F = Vault count percentage of total count
                 A         B        C        D         E       F
            +---------+---------+-------+---------+---------+-------
      Total |    3658 |    3911 |  51.7 |     142 |      57 |  28.6
            +---------+---------+-------+---------+---------+-------
        D:1 |      51 |       0 |   0.0 |      24 |       0 |   0.0
        D:2 |      51 |       0 |   0.0 |      23 |       0 |   0.0
        D:3 |      73 |     267 |  78.5 |      15 |       5 |  25.0
        D:4 |     308 |       0 |   0.0 |      21 |       0 |   0.0
        D:5 |     397 |     900 |  69.4 |      11 |       4 |  26.7
        D:6 |     658 |       0 |   0.0 |      20 |       0 |   0.0
        D:7 |    1810 |       0 |   0.0 |      25 |       0 |   0.0
        D:8 |     310 |    1235 |  79.9 |       3 |       2 |  40.0
      Sewer |       0 |      75 | 100.0 |       0 |      26 | 100.0
     Bailey |       0 |    1434 | 100.0 |       0 |      20 | 100.0
            +---------+---------+-------+---------+---------+-------
